 Dungeon Crawl Stone Soup version 0.28-a0-1339-ga5422284a4 (webtiles) character file.

Game seed: 7267027235917505962

773 bande the Covered (level 7, -4/44 HPs)
             Began as a Gargoyle Fighter on Dec 29, 2021.
             Was an Initiate of Okawaru.
             Slain by an orc warrior (7 damage)
             ... on level 5 of the Dungeon.
             The game lasted 00:09:55 (4940 turns).

bande the Covered (Gargoyle Fighter)                Turns: 4940, Time: 00:09:55

Health: -4/44      AC: 24    Str: 20    XL:     7   Next: 83%
Magic:  8/8        EV:  7    Int:  8    God:    Okawaru [......]
Gold:   803        SH:  5    Dex: 11    Spells: 6/6 levels left

rFire   + . .      SeeInvis .   a - +0 war axe (protect)
rCold   + . .      Faith    .   c - +0 buckler
rNeg    + . .      Spirit   .   q - +0 chain mail
rPois   ∞          Reflect  .   o - +1 hat
rElec   +          Harm     .   (no cloak)
rCorr   .          Rampage  .   (no gloves)
Will    .....                   j - +0 pair of boots
Stlth   ..........              (no amulet)
HPRegen 0.14/turn               g - ring of protection from fire
MPRegen 0.11/turn               l - ring of protection from cold

@: under a protective aura, studying 2 skills
A: sickness immunity, AC +4, negative energy resistance 1, electricity
resistance, torment resistance 1, petrification resistance
a: Renounce Religion


You were on level 5 of the Dungeon.
You worshipped Okawaru.
Okawaru was noncommittal.
You visited 2 branches of the dungeon, and saw 6 of its levels.

You collected 803 gold pieces.

Inventory:

Hand Weapons
 a - a +0 war axe of protection (weapon)
Armour
 c - a +0 buckler (worn)
 f - an orb of guile
 j - a +0 pair of boots (worn)
 o - a +1 hat (worn)
 q - a +0 chain mail (worn)
Jewellery
 g - a ring of protection from fire (left hand)
 l - a ring of protection from cold (right hand)
Scrolls
 e - 4 scrolls of fear
 h - 2 scrolls of teleportation
Potions
 b - a potion of ambrosia {unknown}
 d - 3 potions of might
 i - 3 potions of curing
 k - 2 potions of attraction {unknown}
 m - a potion of degeneration {unknown}
 n - 2 potions of heal wounds {unknown}
 p - a potion of lignification {unknown}


   Skills:
 + Level 4.8 Fighting
 + Level 5.7 Axes
 + Level 5.9 Armour
 - Level 0.1 Stealth
 + Level 5.4 Shields
 * Level 1.3 Invocations


You had 6 spell levels left.
You didn't know any spells.
Your spell library contained the following spells:

 Spells                   Type           Power      Damage    Failure   Level
 Corpse Rot               Necr/Air       0%         N/A       99%         2
 Poisonous Vapours        Pois/Air       0%         N/A       99%         2
 Orb of Destruction       Conj           0%         N/A       100%        7
 Summon Guardian Golem    Hex/Summ       Unusable   N/A       N/A         3
 Spellforged Servitor     Conj/Summ      Unusable   N/A       N/A         7

Dungeon Overview and Level Annotations

Branches:
Dungeon (5/15)             Temple (1/1) D:5

Altars:
Elyvilon
Gozag
Hepliaklqana
Okawaru
Sif Muna
Trog
Uskayaw
Vehumet
Zin


Innate Abilities, Weirdness & Mutations

You are immune to sickness and miasma.
Your stone body is resilient. (AC +4)
You are immune to poison.
You resist negative energy. (rN+)
You are resistant to electric shocks. (rElec)
You are resistant to unholy torment.
You are immune to petrification.


Message History

The orc warrior hits you with a +0 war axe!
You block the hound's attack. Something hits you.
You hit the orc warrior.
The orc warrior is almost dead.
You miss the hound. You miss something. The hound bites you but does no damage.
The orc warrior hits you but does no damage.
Something hits you but does no damage. You block the hound's attack.
The orc warrior hits you with a +0 war axe!
* * * LOW HITPOINT WARNING * * *
You barely miss the orc warrior.
The orc warrior is almost dead.
You closely miss something. You hit the hound.
The hound bites you but does no damage. Something hits you but does no damage.
You block the orc warrior's attack. The hound bites you but does no damage.
Unknown command.
You hit the orc warrior but do no damage.
The orc warrior is almost dead.
You hit the hound. You closely miss something. The hound barely misses you.
Something hits you but does no damage. You block the orc warrior's attack.
The hound bites you but does no damage.
Unknown command.
You hit the orc warrior but do no damage.
The orc warrior is almost dead.
You miss something. You barely miss the hound.
You hear some strange, mumbled words.
Something tries to affect you, but you resist.
The hound barely misses you. The orc warrior closely misses you.
Something completely misses you. The hound bites you but does no damage.
You closely miss the orc warrior.
The orc warrior is almost dead.
You hit something. Okawaru accepts your kill.
Reactivating autopickup.
You feel a bit more experienced.
You hit the hound.
You kill the hound!
Okawaru accepts your kill.
The orc warrior hits you with a +0 war axe.
* * * LOW HITPOINT WARNING * * *
The orc warrior hits you with a +0 war axe!
You die...

.####.....# ..........#
..........# ..........#
..........# ..........#
......†o).#
#.........)@.(##+#######.
#....#+#####.............
#....# #............. # #....#
+............. # #....#
#.............
######....###########'########
..........#.....#............
........[.#.....#............
......#####.....##...........


You could see an orc warrior.

Vanquished Creatures
  An ogre (D:5)
  2 black bears
  2 scorpions (D:5)
  A hound (D:5)
  A bullfrog zombie (D:5)
  2 jellies
  A centaur skeleton (D:5)
  Natasha (D:4)
  4 orc wizards
  3 gnolls (D:2)
  3 adders
  An adder skeleton (D:4)
  4 worms
  2 dart slugs (D:1)
  10 orcs
  5 ball pythons
  5 bats
  4 endoplasms
  7 giant cockroaches
  3 goblins
  6 hobgoblins
  5 jackals
  3 quokkas
  A frilled lizard (D:2)
  2 kobolds
  5 rats
84 creatures vanquished.

Vanquished Creatures (others)
  An orc wizard (D:5)
1 creature vanquished.

Grand Total: 85 creatures vanquished

Notes
Turn   | Place    | Note
-------+----------+-------------------------------------------
     0 | D:1      | bande the Gargoyle Fighter began the quest for the Orb.
     0 | D:1      | Reached XP level 1. HP: 14/14 MP: 1/1
   280 | D:1      | Reached XP level 2. HP: 15/19 MP: 2/2
   360 | D:1      | Identified a scroll of acquirement
   360 | D:1      | Acquired a manual of Shields
   863 | D:2      | Found a faded altar of an unknown god.
  1064 | D:2      | Reached XP level 3. HP: 24/24 MP: 3/3
  1473 | D:2      | Reached XP level 4. HP: 24/29 MP: 4/4
  1766 | D:3      | Identified the +8 rapier of the Wheel {flame, rElec rN++
                  | Str-3 Dex+3}
  2040 | D:3      | Found a hazy altar of Hepliaklqana.
  2515 | D:3      | Reached XP level 5. HP: 33/33 MP: 5/5
  2786 | D:4      | Found a hide-covered altar of Uskayaw.
  2787 | D:4      | Found an opulent altar of Gozag.
  2956 | D:4      | Noticed a black bear
  2976 | D:4      | Killed a black bear
  2977 | D:4      | Reached XP level 6. HP: 23/38 MP: 6/6
  3073 | D:4      | Acquired 559 gold pieces
  3393 | D:4      | Noticed Natasha
  3397 | D:4      | Killed Natasha
  3661 | D:5      | Entered Level 5 of the Dungeon
  3662 | D:5      | Noticed a black bear
  3673 | D:5      | Killed a black bear
  3811 | D:5      | Reached skill level 5 in Axes
  3811 | D:5      | Reached skill level 5 in Armour
  3811 | D:5      | Reached XP level 7. HP: 44/44 MP: 7/7
  3831 | D:5      | Reached skill level 5 in Shields
  4203 | D:5      | Found a staircase to the Ecumenical Temple.
  4220 | Temple   | Entered the Ecumenical Temple
  4229 | Temple   | Became a worshipper of Warmaster Okawaru
  4539 | D:5      | Reached skill level 1 in Invocations
  4940 | D:5      | Slain by an orc warrior

Illustrated notes

Levels and vault maps discovered:
D:1:      minmay_arrival_five_plusses, layout_loops_ring
D:2:      layout_basic, shapermc_ecumenical_altar_venn
D:3:      kb_forest_paths, layout_basic, mainiacjoe_overflow_alcove_1
D:4:      layout_cave_pods, grunt_temple_overflow_open, uniq_natasha
D:5:      layout_gridville, temple_green, minmay_manual_macuahuitl
Temple:   compressed_dpeg_circular_temple

Skill      XL: |  1  2  3  4  5  6  7 |
---------------+----------------------+-----
Axes           | 2 3 4 5 |  5.7
Shields        | 4 5 |  5.4
Fighting       | 4 |  4.8
Armour         | 4 5 |  5.9
Invocations    | 1 |  1.3
Stealth        | |  0.1

Action                   |  1- 3 |  4- 6 |  7- 9 || total
-------------------------+-------+-------+-------++-------
Melee: War axe           |    77 |   150 |    89 ||   316
  Use: Scroll            |     6 |     1 |     1 ||     8
Armor: Scale mail        |    53 |   119 |    14 ||   186
       Chain mail        |       |       |    81 ||    81
Dodge: Dodged            |    32 |    72 |    33 ||   137
Block: Buckler           |    24 |    28 |    27 ||    79

Table legend: (Time is in decaauts)
 A = Elapsed time spent in this place.
 B = Non-inter-level travel time spent in this place.
 C = Inter-level travel time spent in this place.
 D = Time resting spent in this place.
 E = Time spent auto-exploring this place.
 F = Levels seen in this place.
 G = Mean time per level.
                   A        B        C        D        E       F      G
               +--------+--------+--------+--------+--------+-----+--------+
         Total |   5042 |   5007 |     35 |    503 |   3576 |   6 |  840.3 |
       Dungeon |   4976 |   4941 |     35 |    480 |   3576 |   5 |  995.2 |
        Temple |     65 |     65 |      0 |     23 |      0 |   1 |   65.0 |
               +--------+--------+--------+--------+--------+-----+--------+

Top non-repeatable levels by time:
     D:5: 1240 daAuts
     D:2: 1138 daAuts
     D:4: 1065 daAuts
     D:3: 884 daAuts
     D:1: 646 daAuts
  Temple: 65 daAuts
